[Event "Early-Titled-Tuesday-Blitz-July-09-2024"]
[Site "Chess.com"]
[Date "2024.07.09"]
[Round "5"]
[White "waltereador"]
[Black "WindWhistler11"]
[Result "1-0"]
[WhiteElo "2332"]
[BlackElo "2461"]
[TimeControl "180+1"]
[EndTime "8:56:28 PDT"]
[Termination "waltereador won by resignation"]

1. e4 e6 2. d4 d5 3. exd5 exd5 4. Nf3 Nc6 5. h3 Bd6 6. c4 Nf6 7.
c5 Be7 8. Bd3 O-O 9. O-O Ne4 10.
Nc3 f5 11. Bf4 Be6 12. Rc1 Bf6 13. Be5 Nxe5 14. dxe5 Be7 15. b4 a5 16. a3 axb4 17. axb4 Ra3 18. Nb1 Ra2 19. Nd4 Bc8 20. f3 Ng5 21.
Nc3 Ra8 22. Nxd5 Kh8 23. Bc4 Nxh3+ 24. gxh3 Bh4 25. f4 Ra3 26. Rf3 Rxf3 27. Nxf3 Bg3 28. Kg2 c6 29. Kxg3 cxd5 30. Qxd5 Qe8 31. Rd1 Qg6+ 32.
Kf2 Qh5 33. Qd6 Re8 34. h4 h6 35. Qc7 Be6 36. Bxe6 Rxe6 37. Qc8+ Re8 38. Rd8 Rxd8 39. Qxd8+ Kh7 40. Qd3 Qg4 41. e6 Qg6 42. Qd7 Qf6 43. e7 Qb2+ 44. Kg3 Qxb4 45. Qxf5+ g6 46. Qf7+ 1-0

[Event "Early-Titled-Tuesday-Blitz-July-09-2024"]
[Site "Chess.com"]
[Date "2024.07.09"]
[Round "5"]
[White "MrEscacs"]
[Black "Arimin1329"]
[Result "0-1"]
[WhiteElo "2190"]
[BlackElo "2405"]
[TimeControl "180+1"]
[EndTime "8:56:28 PDT"]
[Termination "Arimin1329 won by resignation"]

1. e4 c6 2. d4 d5 3. Nc3 dxe4 4. Nxe4 Bf5 5. Ng3 Bg6 6. h4 h6 7. Nf3 e6 8. Ne5 Bh7 9. Bc4 Nd7 10. Qe2 Nxe5 11. dxe5 Ne7 12. Bb3 Nd5 13. c4 Bb4+ 14. Bd2 Bxd2+ 15. Qxd2 Ne7 16. O-O-O Qxd2+ 17. Rxd2 Rd8 18.
Rhd1 Rxd2 19. Rxd2 Ng6 20. Ne4 Nxe5 21. Nd6+ Ke7 22.
Nxb7 Nd3+ 23. Rxd3 Bxd3 24. Kd2 Bg6 25. Ke3 Rb8 26.
Nc5 Kd6 27. Ne4+ Bxe4 28. Kxe4 Kc5 29. f4 a5 30. g4 Rb4 0-1

[Event "Early-Titled-Tuesday-Blitz-July-09-2024"]
[Site "Chess.com"]
[Date "2024.07.09"]
[Round "5"]
[White "Baronessa08"]
[Black "MdChess1734"]
[Result "1-0"]
[WhiteElo "2601"]
[BlackElo "2433"]
[TimeControl "180+1"]
[EndTime "8:56:31 PDT"]
[Termination "Baronessa08 won on time"]

1. c4 c5 2. Nf3 Nf6 3. Nc3 d5 4.
cxd5 Nxd5 5. g3 Nc6 6. Bg2 Nc7 7. b3 e5 8. Bb2 Be7 9. O-O O-O 10. Rc1 f6 11. Na4 Ne6 12. Nh4 f5 13. Bxc6 bxc6 14. Ng2 Ba6 15. Bxe5 Qd5 16. f4 Nd4 17. d3 Ne6 18.
Ne3 Qd7 19. Qd2 Rae8 20. Qb2 Bd6 21. Nc4 Bc7 22. Bxc7 Qxc7 23. Ne5 c4 24. bxc4 c5 25. Nc3 1-0

[Event "Early-Titled-Tuesday-Blitz-July-09-2024"]
[Site "Chess.com"]
[Date "2024.07.09"]
[Round "5"]
[White "whitemirrorninja"]
[Black "Aygehovit1992"]
[Result "0-1"]
[WhiteElo "2527"]
[BlackElo "2765"]
[TimeControl "180+1"]
[EndTime "8:56:32 PDT"]
[Termination "Aygehovit1992 won by checkmate"]

1. b3 Nf6 2. Bb2 g6 3. g3 Bg7 4. Bg2 d6 5. c4 e5 6. Nc3 c5 7. e3 Nc6 8. Nge2 O-O 9. O-O Bf5 10. d4 exd4 11. exd4 Re8 12. dxc5 dxc5 13. Bxc6 bxc6 14.
Qxd8 Raxd8 15. Rad1 Ne4 16. Nxe4 Bxb2 17. Rxd8 Rxd8 18. Nxc5 Rd2 19. Re1 Bg4 20. Nf4 Bd4 21. Ne4 Rxa2 22. Kg2 f5 23. Nd6 Rxf2+ 24. Kh1 Bf3+ 25.
Kg1 Rg2+ 26. Kf1 Rg1# 0-1

[Event "Early-Titled-Tuesday-Blitz-July-09-2024"]
[Site "Chess.com"]
[Date "2024.07.09"]
[Round "5"]
[White "Trendle"]
[Black "Sychev_Klementy"]
[Result "0-1"]
[WhiteElo "2661"]
[BlackElo "2949"]
[TimeControl "180+1"]
[EndTime "8:56:41 PDT"]
[Termination "Sychev_Klementy won by resignation"]

1. f4 d5 2. Nf3 Nc6 3. g3 h5 4. Bg2 h4 5. Nxh4 e5 6. fxe5 Rxh4 7. gxh4 Qxh4+ 8. Kf1 Bh3 9. e3 Nxe5 10. d4 Bxg2+ 11. Kxg2 Qe4+ 12. Kg1 Nf3+ 13. Kf2 Ng5 14. h4 Qf5+ 15.
Kg2 Ne4 16. Qf3 Qg6+ 17. Kh3 Bd6 18. Nc3 Ngf6 19. Nxe4 dxe4 20. h5 Qg5 0-1

[Event "Early-Titled-Tuesday-Blitz-July-09-2024"]
[Site "Chess.com"]
[Date "2024.07.09"]
[Round "5"]
[White "pouya21"]
[Black "arctic_t00"]
[Result "0-1"]
[WhiteElo "2860"]
[BlackElo "2665"]
[TimeControl "180+1"]
[EndTime "8:56:41 PDT"]
[Termination "arctic_t00 won by resignation"]

1. Nf3 Nf6 2. c4 g6 3. g3 Bg7 4. Bg2 O-O 5. O-O d6 6. d4 Nc6 7. Nc3 Bf5 8. d5 Na5 9. Qa4 c5 10. dxc6 Nxc6 11. Nh4 Be6 12. Rd1 Nd7 13. Nd5 Nb6 14.
Qc2 Rc8 15. Bg5 h6 16. Be3 g5 17. Nf5 Bxf5 18. Qxf5 e6 19. Qb1 exd5 20. cxd5 Ne5 21. Bd4 Re8 22. Qf5 Qd7 23. Be4 Qxf5 24. Bxf5 Rc4 25. e3 Nf3+ 26. Kg2 Nxd4 0-1

[Event "Early-Titled-Tuesday-Blitz-July-09-2024"]
[Site "Chess.com"]
[Date "2024.07.09"]
[Round "5"]
[White "jbking07"]
[Black "Millerkallpa"]
[Result "1-0"]
[WhiteElo "2477"]
[BlackElo "2245"]
[TimeControl "180+1"]
[EndTime "8:56:41 PDT"]
[Termination "jbking07 won by resignation"]

1. e4 e5 2. Nf3 Nc6 3. d4 exd4 4. Nxd4 g6 5. Nc3 Bg7 6. Be3 Nge7 7. Qd2 O-O 8.
O-O-O d5 9. exd5 Nxd5 10. Nxc6 bxc6 11. Bd4 Be6 12. Bxg7 Kxg7 13. Bc4 Nxc3 14. Qxc3+ Qf6 15. Qxf6+ Kxf6 16. Bxe6 Kxe6 17. Rhe1+ Kf6 18. Rd7 Rae8 19. Rxe8 Rxe8 20. Kd2 Re7 21. Rd3 Re5 22. Ra3 a5 23. Rc3 c5 24. f4 Rd5+ 25. Rd3 Rf5 26. Ke3 Rh5 27. h3 c4 28. Rc3 Rb5 29. b3 cxb3 30.
cxb3 c5 31. Kd3 Ke6 32. Kc4 Rb4+ 33. Kxc5 Rxf4 34. a4 Rf5+ 35. Kb6 Rf2 36. g4 f5 37. Kxa5 fxg4 38. hxg4 h5 39. gxh5 gxh5 40. b4 Kf5 41. b5 Rb2 42. Kb6 Kg4 43. a5 1-0

[Event "Early-Titled-Tuesday-Blitz-July-09-2024"]
[Site "Chess.com"]
[Date "2024.07.09"]
[Round "5"]
[White "osielchesslover2011"]
[Black "ALRS-SPS"]
[Result "1-0"]
[WhiteElo "2202"]
[BlackElo "2381"]
[TimeControl "180+1"]
[EndTime "8:56:41 PDT"]
[Termination "osielchesslover2011 won by resignation"]

1. e4 e5 2. Nf3 Nc6 3. Bc4 Bc5 4. b4 Bxb4 5. c3 Bc5 6. d4 exd4 7. cxd4 Bb4+ 8. Bd2 Bxd2+ 9. Nbxd2 d6 10. O-O Nf6 11. e5 dxe5 12. dxe5 Nd5 13. Ne4 Nce7 14. Qa4+ c6 15. Nd6+ Kf8 16. Ng5 Be6 17. Nxe6+ fxe6 18. Qa3 Kg8 19.
Nxb7 Qf8 20. Qd6 Qf7 21. Nd8 Qf5 22. Nxe6 h6 23. Nc7 Rf8 24. Qxe7 Rf7 25. Nxd5 1-0

[Event "Early-Titled-Tuesday-Blitz-July-09-2024"]
[Site "Chess.com"]
[Date "2024.07.09"]
[Round "5"]
[White "slidingknight2775"]
[Black "AGW2016"]
[Result "1/2-1/2"]
[WhiteElo "2761"]
[BlackElo "2583"]
[TimeControl "180+1"]
[EndTime "8:56:44 PDT"]
[Termination "Game drawn by repetition"]

1. c4 g6 2. Nf3 Bg7 3. d4 Nf6 4. b3 d6 5. Bb2 O-O 6. e3 b6 7. Be2 Bb7 8. O-O Nbd7 9. Nc3 Ne4 10. Nxe4 Bxe4 11. Nd2 Bb7 12. Bf3 Bxf3 13. Qxf3 e5 14. dxe5 Nxe5 15. Qe2 a5 16. a3 Re8 17. Rad1 Qd7 18.
Bd4 Qf5 19. Nb1 Nd7 20. Bxg7 Kxg7 21. Nc3 Nc5 22. Nd5 Rac8 23. Qb2+ Qe5 24. Qc2 Ne4 25. f3 Nf6 26. e4 Nxd5 27. cxd5 f5 28. Rfe1 Re7 29. exf5 Qxe1+ 30. Rxe1 Rxe1+ 31. Kf2 Re5 32. Qc3 Kf7 33. fxg6+ hxg6 34. Qc6 Re7 35. b4 axb4 36.
axb4 Rce8 37. h4 Kf6 38. Kg3 Kg7 39. Qc3+ Kf7 40. Qc1 Kg7 41. Qf4 Rf7 42. Qc4 Ree7 43.
Qd4+ Kh7 44. Qd3 Kg7 45. Qd4+ Kh7 46. Qc3 Rf5 47. Qc4 Kg7 48. Qd4+ Kh7 49. Qc4 Kg7 50. Qd4+ Kh7 51. Qc4 1/2-1/2

[Event "Early-Titled-Tuesday-Blitz-July-09-2024"]
[Site "Chess.com"]
[Date "2024.07.09"]
[Round "5"]
[White "TigrVShlyape"]
[Black "SuperPower2011"]
[Result "1-0"]
[WhiteElo "2985"]
[BlackElo "2725"]
[TimeControl "180+1"]
[EndTime "8:56:45 PDT"]
[Termination "TigrVShlyape won on time"]

1. e4 c5 2. Nf3 e6 3. d4 cxd4 4. Nxd4 a6 5. Nc3 Qc7 6. Qf3 Nc6 7. Nxc6 bxc6 8. Qg3 Qxg3 9. hxg3 d5 10. g4 Nf6 11.
g5 Nd7 12. Bd2 Bb7 13. O-O-O O-O-O 14. Rh3 d4 15. Na4 c5 16. f3 h6 17. gxh6 gxh6 18.
b3 Ne5 19. Be2 h5 20. Rdh1 Rg8 21. Bf1 h4 22. Rxh4 Bd6 23. Rh5 Nd7 24. Rh7 Rdf8 25.
Bh6 Re8 26. Rxf7 Ne5 27. Rh7 1-0

[Event "Early-Titled-Tuesday-Blitz-July-09-2024"]
[Site "Chess.com"]
[Date "2024.07.09"]
[Round "5"]
[White "AlainBruxelles"]
[Black "UK_23"]
[Result "1-0"]
[WhiteElo "2274"]
[BlackElo "2404"]
[TimeControl "180+1"]
[EndTime "8:56:45 PDT"]
[Termination "AlainBruxelles won by resignation"]

1. e4 c6 2. d4 d5 3. exd5 cxd5 4. c4 Nf6 5. Nc3 g6 6. cxd5 Nxd5 7. Bc4 Nb6 8. Bb3 Bg7 9. Nf3 O-O 10. O-O Nc6 11. d5 Na5 12. Bc2 Bg4 13. h3 Bxf3 14.
Qxf3 Bxc3 15. bxc3 Nxd5 16. Rd1 e6 17. Bh6 Re8 18.
Be4 Qh4 19. Bc1 Nf6 20. Bxb7 Nxb7 21. Qxb7 Nd5 22. Rd4 Qe7 23. Qxe7 Rxe7 24. c4 Nc3 25. Kf1 Rc8 26. Bd2 Na4 27. Rc1 Rec7 28. Ba5 Rc6 29.
Rd7 a6 30. Rd4 Nb2 31. Bc3 Nxc4 32. Rcd1 Nb6 33. Rd8+ 1-0

[Event "Early-Titled-Tuesday-Blitz-July-09-2024"]
[Site "Chess.com"]
[Date "2024.07.09"]
[Round "5"]
[White "maroro07"]
[Black "JAN2404"]
[Result "1-0"]
[WhiteElo "2372"]
[BlackElo "2069"]
[TimeControl "180+1"]
[EndTime "8:56:46 PDT"]
[Termination "maroro07 won by resignation"]

1. d4 Nf6 2. Bf4 c5 3. e3 Qb6 4. dxc5 Qxc5 5. Nc3 d6 6. Nf3 e5 7. Bg3 Be6 8. Be2 Be7 9. O-O O-O 10. Bh4 Nc6 11. Bxf6 Bxf6 12. Ne4 Qb4 13. Nxf6+ gxf6 14. b3 Kh8 15. a3 Qc5 16. e4 Rac8 17. c4 f5 18.
exf5 Bxf5 19. b4 Qb6 20. Qxd6 Rfe8 21. Qf6+ 1-0

[Event "Early-Titled-Tuesday-Blitz-July-09-2024"]
[Site "Chess.com"]
[Date "2024.07.09"]
[Round "5"]
[White "boguszp"]
[Black "Austen48"]
[Result "0-1"]
[WhiteElo "1946"]
[BlackElo "2278"]
[TimeControl "180+1"]
[EndTime "8:56:46 PDT"]
[Termination "Austen48 won by resignation"]

1. d4 Nf6 2. Nf3 e6 3. Bf4 c5 4. e3 b6 5. Be2 Bb7 6. O-O Be7 7. h3 O-O 8. c4 cxd4 9. exd4 d5 10. Nc3 dxc4 11. Bxc4 Nd5 12. Nxd5 Bxd5 13. Bxd5 Qxd5 14.
Qa4 Nd7 15. Rac1 Rfc8 16. Ne5 b5 17. Qa6 Nb6 18. Nc6 Rxc6 19. Rxc6 Qxc6 20. Rc1 Qd5 21. Bc7 Nc4 22. b3 Nb2 23. Be5 Nd3 24. Rc8+ Rxc8 25. Qxc8+ Qd8 26. Qc3 Nxe5 27. dxe5 h6 28. Kh2 Qd5 29. f4 g6 30. a4 bxa4 31. bxa4 Bc5 32. a5 a6 33. Qb2 Qd4 34. Qb8+ Kg7 35. Qc7 Qxf4+ 36. Kh1 Qc1+ 37. Kh2 Bg1+ 0-1

[Event "Early-Titled-Tuesday-Blitz-July-09-2024"]
[Site "Chess.com"]
[Date "2024.07.09"]
[Round "5"]
[White "kripri"]
[Black "SVijayalakshmi"]
[Result "0-1"]
[WhiteElo "2329"]
[BlackElo "2555"]
[TimeControl "180+1"]
[EndTime "8:56:49 PDT"]
[Termination "SVijayalakshmi won on time"]

1. e4 e5 2. Nf3 Nc6 3. Bb5 a6 4. Ba4 Nf6 5. O-O Be7 6. Re1 b5 7. Bb3 d6 8. a4 Rb8 9. d3 O-O 10. Nbd2 Bg4 11. c3 d5 12. exd5 Nxd5 13. h3 Bh5 14. g4 Bg6 15. Nxe5 Nxe5 16. Rxe5 Nf4 17. Qf3 Bd6 18. Re1 Qh4 19. Ne4 Nxh3+ 20. Kg2 Bxe4 21.
dxe4 Ng5 22. Bxg5 Qxg5 23. Rh1 bxa4 24. Bxa4 Rxb2 25. Qh3 h6 26. Rad1 Bc5 0-1

[Event "Early-Titled-Tuesday-Blitz-July-09-2024"]
[Site "Chess.com"]
[Date "2024.07.09"]
[Round "5"]
[White "DawidCzerw"]
[Black "AEMEffi"]
[Result "1-0"]
[WhiteElo "2491"]
[BlackElo "2315"]
[TimeControl "180+1"]
[EndTime "8:56:50 PDT"]
[Termination "DawidCzerw won by resignation"]

1. e4 d5 2. Nc3 d4 3. Nce2 e5 4. d3 c5 5. f4 Nc6 6. Nf3 exf4 7. Nxf4 Nge7 8. Be2 Ng6 9. O-O Nxf4 10. Bxf4 Be7 11.
Qe1 g5 12. Bg3 h5 13. Ne5 Nxe5 14. Bxe5 f6 15. Bg3 h4 16. Bf2 Bd6 17. Qd1 Be5 18. Bh5+ Ke7 19. Bg4 Qd6 20. h3 Be6 21. c3 Rad8 22. b4 Bxg4 23. Qxg4 Qe6 24. Qf3 dxc3 25. bxc5 Rh6 26. Rab1 Rd7 27. d4 Bxd4 28. Bxd4 Rxd4 29. Rxb7+ Rd7 30. Rxd7+ Qxd7 31. Qxc3 g4 32. c6 Qc7 33.
Qc5+ Ke8 34. Qd5 gxh3 35. Qg8+ Ke7 36. Qg7+ Kd6 37. Rd1+ Kxc6 38. Rc1+ 1-0

[Event "Early-Titled-Tuesday-Blitz-July-09-2024"]
[Site "Chess.com"]
[Date "2024.07.09"]
[Round "5"]
[White "vikber19611"]
[Black "xh4823"]
[Result "0-1"]
[WhiteElo "1662"]
[BlackElo "2360"]
[TimeControl "180+1"]
[EndTime "8:56:50 PDT"]
[Termination "xh4823 won by resignation"]

1. e4 g6 2. d4 Bg7 3. Nc3 a6 4. f4 b5 5. a3 Bb7 6. Nf3 d6 7. Bd3 Nd7 8. O-O c5 9. Be3 Ngf6 10. e5 Ng4 11. Qd2 Nxe3 12. Qxe3 cxd4 13. Nxd4 dxe5 14. fxe5 Nxe5 15. Be4 Bxe4 16. Qxe4 Qxd4+ 17. Qxd4 Nf3+ 18. Rxf3 Bxd4+ 19. Kf1 O-O 20. Rd1 e5 21. b3 Rac8 22. Rdd3 Rc6 23. Ke2 Rfc8 24. Kd2 f5 0-1

[Event "Early-Titled-Tuesday-Blitz-July-09-2024"]
[Site "Chess.com"]
[Date "2024.07.09"]
[Round "5"]
[White "IC3S2"]
[Black "Yaacovn"]
[Result "0-1"]
[WhiteElo "2548"]
[BlackElo "2788"]
[TimeControl "180+1"]
[EndTime "8:56:53 PDT"]
[Termination "Yaacovn won by checkmate"]

1. e4 c6 2. d4 d5 3. exd5 cxd5 4. Bd3 Nf6 5. c3 Nc6 6. Bf4 Bg4 7. Qb3 Qd7 8. Nd2 e6 9. Ngf3 Bd6 10. Bxd6 Qxd6 11. O-O O-O 12. Rae1 Rab8 13. Ne5 b5 14. Qc2 Bh5 15.
h4 b4 16. f4 bxc3 17. bxc3 Rfc8 18. Qa4 Bg6 19. Bxg6 hxg6 20. Nb3 Ne4 21. Re3 Nxe5 22. fxe5 Qe7 23. Qa5 Qc7 24. Qa3 Rf8 25. Rc1 Qd8 26. c4 Qxh4 27. Rc2 dxc4 28. Nc5 Rb1+ 29. Rc1 Qf2+ 30.
Kh2 Rb2 31. Rg1 Qf4+ 32. Kh1 Nf2# 0-1

[Event "Early-Titled-Tuesday-Blitz-July-09-2024"]
[Site "Chess.com"]
[Date "2024.07.09"]
[Round "5"]
[White "Alex_Sahakyan2006"]
[Black "Truequitos"]
[Result "1-0"]
[WhiteElo "2748"]
[BlackElo "2544"]
[TimeControl "180+1"]
[EndTime "8:56:53 PDT"]
[Termination "Alex_Sahakyan2006 won on time"]

1. d4 d5 2. Nf3 Nf6 3. Bf4 c5 4. e3 Nc6 5. Nbd2 cxd4 6. exd4 g6 7. c3 Bg7 8. h3 Bf5 9. Be2 Qb6 10. Qb3 Rc8 11.
Qxb6 axb6 12. O-O O-O 13. Rfe1 Na5 14. Bb5 Ne4 15. Nxe4 dxe4 16. g4 Be6 17. Rxe4 Bd5 18. Re3 Nc4 19. Bxc4 Rxc4 20. Nd2 Ra4 21. Rxe7 Bf6 22.
Rd7 Bc6 23. Rc7 Raa8 24. Nc4 Bd8 25. Nxb6 Bxc7 26. Bxc7 Ra6 27. d5 Ba4 28. d6 Bc6 29. a4 Re8 30. a5 Re2 31. b4 Kg7 32. c4 Ra7 33. b5 Be8 34. Bb8 1-0

[Event "Early-Titled-Tuesday-Blitz-July-09-2024"]
[Site "Chess.com"]
[Date "2024.07.09"]
[Round "5"]
[White "MarlonJodar"]
[Black "sirinbaba33"]
[Result "0-1"]
[WhiteElo "2376"]
[BlackElo "2571"]
[TimeControl "180+1"]
[EndTime "8:56:53 PDT"]
[Termination "sirinbaba33 won by resignation"]

1. e4 c5 2. Nf3 d6 3. d4 cxd4 4. Nxd4 Nf6 5. Nc3 a6 6. Bg5 Nbd7 7. Qe2 h6 8. Bh4 g6 9. O-O-O e5 10. Nb3 Be7 11. f3 O-O 12. Bf2 h5 13. h3 b5 14. g4 b4 15. Nd5 Nxd5 16. exd5 h4 17. Kb1 a5 18. Qe4 a4 19. Nc1 Rb8 20. f4 exf4 21.
Qxf4 a3 22. b3 Ne5 23. Bd4 Bg5 24. Qf2 Re8 25. Nd3 f6 26. Nf4 Kg7 27. Bd3 Bd7 28.
Bxe5 fxe5 29. Nxg6 e4 30. Bxe4 Rxe4 31. Nxh4 Rf4 32.
Qe1 Qf6 0-1

[Event "Early-Titled-Tuesday-Blitz-July-09-2024"]
[Site "Chess.com"]
[Date "2024.07.09"]
[Round "5"]
[White "SHIVACalypso"]
[Black "Mikasinski"]
[Result "0-1"]
[WhiteElo "2500"]
[BlackElo "2698"]
[TimeControl "180+1"]
[EndTime "8:56:55 PDT"]
[Termination "Mikasinski won by resignation"]

1. Nf3 Nf6 2. c4 e6 3. g3 d5 4. cxd5 exd5 5. Bg2 d4 6. O-O Be7 7. d3 O-O 8. e3 dxe3 9. Bxe3 Nc6 10. d4 Nd5 11. Nc3 Nxe3 12. fxe3 Re8 13. d5 Nb4 14. a3 Na6 15. e4 Bf6 16. e5 Bxe5 17.
Nxe5 Rxe5 18. Qd4 Qd6 19. Ne4 Qb6 20. Qxb6 axb6 21. d6 Bf5 22. Rxf5 Rxf5 23. d7 Rd8 24. Rd1 Nb8 25. Bh3 Re5 26. Nf2 Re7 27. Rc1 c6 28. Rd1 Nxd7 29. Ng4 Rde8 0-1

[Event "Early-Titled-Tuesday-Blitz-July-09-2024"]
[Site "Chess.com"]
[Date "2024.07.09"]
[Round "5"]
[White "Sam_ChessMood"]
[Black "DenLaz"]
[Result "0-1"]
[WhiteElo "2930"]
[BlackElo "3151"]
[TimeControl "180+1"]
[EndTime "8:56:58 PDT"]
[Termination "DenLaz won on time"]

1. d4 Nf6 2. c4 e6 3. Nf3 d5 4. Nc3 Be7 5. Bf4 O-O 6. e3 Nbd7 7. c5 c6 8. h3 b6 9. b4 a5 10. a3 Ba6 11. Bxa6 Rxa6 12. O-O Qa8 13. Rb1 axb4 14. axb4 Qb7 15. Qc2 h6 16. Rfc1 b5 17. Ra1 Rfa8 18.
Qb2 Ne4 19. Nxe4 dxe4 20. Nd2 Nf6 21. Be5 Rxa1 22. Rxa1 Nd5 23. Rxa8+ Qxa8 24. Nxe4 Qa4 25. Bd6 Bd8 26. Nc3 Qxb4 27. Qxb4 Nxb4 28. e4 Bf6 29. e5 Bg5 30. Kf1 Bc1 31. Ke2 Bb2 32.
Kd2 Bxc3+ 33. Kxc3 Nd5+ 34. Kd3 Nf4+ 35. Ke4 Nxg2 36.
Be7 g5 0-1

[Event "Early-Titled-Tuesday-Blitz-July-09-2024"]
[Site "Chess.com"]
[Date "2024.07.09"]
[Round "5"]
[White "Navyblue1"]
[Black "Caleb_Klenoff"]
[Result "0-1"]
[WhiteElo "2125"]
[BlackElo "2386"]
[TimeControl "180+1"]
[EndTime "8:56:58 PDT"]
[Termination "Caleb_Klenoff won on time"]

1. d4 Nf6 2. c4 c5 3. d5 e6 4. Nc3 exd5 5. cxd5 d6 6. e4 g6 7. f4 Bg7 8. Bb5+ Nfd7 9. a4 O-O 10. Nf3 Na6 11.
O-O Nb4 12. Re1 a6 13. Bc4 Re8 14. Be3 Nb6 15. Bf1 a5 16. Bf2 Bg4 17. Rc1 Bxf3 18.
Qxf3 c4 19. Qe3 Ra6 20. Qd2 Qd7 21. Qd1 Rc8 22. h3 h5 23. Be2 Re8 24. Bxb6 Rxb6 25.
Bxc4 h4 26. Bb5 Rxb5 27. Nxb5 Bxb2 28. Rc7 Qd8 29. Qc2 Nxc2 30. Rxc2 Qb6+ 31. Kh1 Bg7 0-1

[Event "Early-Titled-Tuesday-Blitz-July-09-2024"]
[Site "Chess.com"]
[Date "2024.07.09"]
[Round "5"]
[White "Puzzlebot_1294"]
[Black "Iball95"]
[Result "0-1"]
[WhiteElo "2679"]
[BlackElo "2919"]
[TimeControl "180+1"]
[EndTime "8:57:00 PDT"]
[Termination "Iball95 won by resignation"]

1. d4 d5 2. Bf4 Nf6 3. e3 Bf5 4. Nf3 e6 5. c4 Bb4+ 6. Nc3 O-O 7. Qb3 Nc6 8. a3 Bxc3+ 9. Qxc3 Ne4 10. Qc1 Na5 11. Qd1 dxc4 12. Be2 b5 13. O-O Nb3 14. Ra2 c5 15. a4 cxd4 16. axb5 d3 17. Nd4 Nxd4 18.
exd4 dxe2 19. Qxe2 Qxd4 20. Be3 Qd5 21. Rfa1 Qxb5 22.
Ra5 Qc6 23. Ra6 Qd5 24. Rxa7 Rxa7 25. Bxa7 Ra8 26. Rd1 Qb5 27. Bd4 Rd8 28. f3 Nf6 29. Bc3 Rxd1+ 30. Qxd1 Bd3 31. Qa1 Qc5+ 32. Kh1 h6 33.
Qa8+ Kh7 34. Qb7 Qf2 35. h3 Bf1 36. f4 Nd5 0-1

[Event "Early-Titled-Tuesday-Blitz-July-09-2024"]
[Site "Chess.com"]
[Date "2024.07.09"]
[Round "5"]
[White "Chessdude1987"]
[Black "Fandorine"]
[Result "0-1"]
[WhiteElo "2333"]
[BlackElo "2909"]
[TimeControl "180+1"]
[EndTime "8:57:01 PDT"]
[Termination "Fandorine won on time"]

1. e4 c5 2. Nf3 g6 3. d4 cxd4 4. c3 d3 5. c4 Bg7 6. Bxd3 Nc6 7. O-O d6 8. h3 Nf6 9. Nc3 O-O 10. Be3 b6 11. Rc1 Bb7 12. Nd5 Rc8 13. Qd2 Re8 14. Rfd1 Nd7 15. Bh6 Nde5 16. Nxe5 dxe5 17. Bxg7 Kxg7 18.
h4 e6 19. Ne3 Qxh4 20. g3 Qg5 21. Bf1 Qe7 22. Ng4 f5 23. Qh6+ Kh8 24. Ne3 Nd4 25. Bg2 Ne2+ 26. Kf1 Nxc1 27. Rxc1 Qg7 28.
Qh4 Red8 29. exf5 exf5 30. Bxb7 Qxb7 31. Ke2 Rd4 32. Qh6 Qg7 33. Qg5 f4 34. Ng4 fxg3 35.
Rh1 g2 36. Rg1 Re4+ 37. Kf3 Rexc4 38. Rxg2 Rf8+ 39. Ke2 Re4+ 40. Kf1 Qd7 41. Rh2 Qd1+ 42. Kg2 Rxg4+ 0-1

[Event "Early-Titled-Tuesday-Blitz-July-09-2024"]
[Site "Chess.com"]
[Date "2024.07.09"]
[Round "5"]
[White "Bulatova_Kamaliya"]
[Black "maurovargas01"]
[Result "1-0"]
[WhiteElo "2314"]
[BlackElo "1964"]
[TimeControl "180+1"]
[EndTime "8:57:01 PDT"]
[Termination "Bulatova_Kamaliya won by checkmate"]

1. d4 d5 2. Bf4 h5 3. e3 e5 4. Bxe5 f6 5. Bd3 Ne7 6. Bxf6 gxf6 7. Nd2 Bh6 8. Qxh5+ Kf8 9. Qf3 Ng8 10. O-O-O Nc6 11.
c3 Be6 12. Ne2 Qd7 13. Nf4 Bf7 14. h4 Ke7 15. e4 dxe4 16. Nxe4 Rf8 17. Nc5 Qc8 18.
Rhe1+ Kd6 19. Kb1 b6 20. Bb5 Qa8 21. Ne4+ Kd7 22. Qg4+ Kd8 23. Ne6+ Bxe6 24. Qxe6 Nce7 25. Qd7# 1-0

[Event "Early-Titled-Tuesday-Blitz-July-09-2024"]
[Site "Chess.com"]
[Date "2024.07.09"]
[Round "5"]
[White "Yahisalem"]
[Black "simonachess"]
[Result "0-1"]
[WhiteElo "1960"]
[BlackElo "2310"]
[TimeControl "180+1"]
[EndTime "8:57:01 PDT"]
[Termination "simonachess won by resignation"]

1. e4 c5 2. Nf3 Nc6 3. d4 cxd4 4. Nxd4 Nf6 5. Nc3 e5 6. Nf3 Bb4 7.
Bg5 h6 8. Bxf6 Qxf6 9. Bc4 O-O 10. O-O Bxc3 11. bxc3 d6 12. h3 Kh8 13. Qe2 Be6 14.
Bd5 Bxd5 15. exd5 Ne7 16. c4 Rac8 17. Nd2 Qg6 18. c3 f5 19. Rab1 b6 20. f4 e4 21.
Nb3 Qg3 22. Rbc1 Ng6 23. Nd4 Nxf4 24. Rxf4 Qxf4 25. Rf1 Qe5 26. Qd2 Rf6 27. Nc6 Rxc6 28. dxc6 Qc5+ 29. Kh1 Qxc6 30. Qd5 Qxd5 31. cxd5 f4 32.
Kg1 g5 33. Kf2 Kg7 34. Re1 e3+ 35. Kf3 Rf7 36. c4 Kf6 37. Ke4 Re7+ 38. Kd4 Kf5 39. a4 h5 40. a5 g4 41. hxg4+ hxg4 42. axb6 axb6 43. Rb1 e2 44. Re1 f3 45. gxf3 gxf3 0-1

[Event "Early-Titled-Tuesday-Blitz-July-09-2024"]
[Site "Chess.com"]
[Date "2024.07.09"]
[Round "5"]
[White "2Coaches1Profile"]
[Black "KhBegmuratov"]
[Result "0-1"]
[WhiteElo "2589"]
[BlackElo "2905"]
[TimeControl "180+1"]
[EndTime "8:57:03 PDT"]
[Termination "KhBegmuratov won on time"]

1. e4 c5 2. c3 Nf6 3. e5 Nd5 4.
Bc4 Nb6 5. Bb3 d6 6. exd6 Qxd6 7. Nf3 c4 8. Bc2 Nc6 9. O-O g6 10. b3 Bg7 11. Na3 cxb3 12. axb3 O-O 13. d4 Qc7 14. Re1 a6 15. Bg5 h6 16. Bh4 Bg4 17. h3 Bxf3 18. Qxf3 e6 19. Bg3 Qd7 20. h4 h5 21. Bf4 Nd5 22. Bd2 b5 23. g4 hxg4 24. Qxg4 Nf6 25. Qf3 Rac8 26. Bg5 Qd5 27. Qxd5 Nxd5 28. Nb1 Nxd4 29. cxd4 Rxc2 30. Rxa6 Bxd4 31. Nd2 Rfc8 32. Ne4 Rb2 33. Rd1 Be5 34. Re1 Kg7 35. Ra7 Bd4 36. Rb7 Rcc2 37. Rf1 Rxb3 38. Nd6 Rg3+ 39. Kh1 Rf3 40.
Nxb5 Be5 41. Kg2 Rg3+ 42. Kh1 Rb3 43. Nd6 Rh3+ 44. Kg2 Rh2+ 45. Kg1 Bxd6 0-1

[Event "Early-Titled-Tuesday-Blitz-July-09-2024"]
[Site "Chess.com"]
[Date "2024.07.09"]
[Round "5"]
[White "brm72"]
[Black "Alexander_Donchenko"]
[Result "1/2-1/2"]
[WhiteElo "2677"]
[BlackElo "2898"]
[TimeControl "180+1"]
[EndTime "8:57:03 PDT"]
[Termination "Game drawn by repetition"]

1. e4 c6 2. d4 d5 3. e5 Bf5 4. Nf3 e6 5. Be2 Ne7 6. O-O h6 7. Be3 Nd7 8. a4 Bh7 9. a5 Nf5 10. a6 b6 11. Nbd2 Be7 12. c4 O-O 13. cxd5 cxd5 14.
Qb3 Rc8 15. Rac1 Nb8 16. Bb5 Nxe3 17. fxe3 Rc7 18. Rc3 Rxc3 19. Qxc3 f6 20. Rc1 fxe5 21. Nxe5 Bd6 22. Ndf3 Be4 23. Qd2 Qf6 24. Rf1 Qe7 25.
h3 Rc8 26. Rc1 Rf8 27. Rf1 Bb4 28. Qe2 Rc8 29. Nd3 Bd6 30. Nfe5 Bxe5 31. Nxe5 Rc2 32.
Qg4 Rxg2+ 33. Qxg2 Bxg2 34. Kxg2 Qb4 35. Be8 Nxa6 36.
Bf7+ Kh8 37. Ng6+ Kh7 38. Nf8+ Kh8 39. Ng6+ Kh7 40. Nf8+ Kh8 41. Ng6+ 1/2-1/2